 Dungeon Crawl Stone Soup version 0.21.0-24-g2553a33 (webtiles) character file.

815 Feta the Firebug (level 7, -3/50 HPs)
             Began as a Demigod Fire Elementalist on Jan 20, 2018.
             Slain by a gnoll
             ... wielding a +0 spear
              (10 damage)
             ... on level 5 of the Dungeon.
             The game lasted 00:11:00 (5803 turns).

Feta the Firebug (Demigod Fire Elementalist)        Turns: 5803, Time: 00:11:02

Health: -3/50      AC:  2    Str: 11    XL:     7   Next: 35%
Magic:  12/16      EV: 12    Int: 23    God:
Gold:   205        SH:  0    Dex: 19    Spells: 6/14 levels left

rFire    . . .     SeeInvis .   r - +0 trident
rCold    . . .     Gourm    .   (no shield)
rNeg     . . .     Faith    .   a - +0 robe
rPois    .         Spirit   .   (no helmet)
rElec    .         Reflect  .   (no cloak)
rCorr    .         Harm     .   (no gloves)
MR       .....                  (no boots)
Stlth    ++........             (no amulet)
HPRegen  0.16/turn              D - +3 ring of dexterity
MPRegen  0.15/turn              t - ring of wizardry

@: no status effects
A: high mp 1
a: no special abilities


You were on level 5 of the Dungeon.
You were hungry.

You visited 1 branch of the dungeon, and saw 5 of its levels.

You collected 205 gold pieces.

Inventory:

Hand Weapons
 o - a +0 blowgun
 r - a +0 trident (weapon)
Missiles
 f - 4 curare-tipped needles
 g - 91 bolts
 k - 66 arrows
 s - 14 poisoned needles
 z - 5 tomahawks (quivered)
 G - 5 javelins
Armour
 a - a +0 robe (worn)
 h - a +0 ring mail
Jewellery
 q - an uncursed ring of protection from cold
 t - a ring of wizardry (right hand)
 D - a +3 ring of dexterity (left hand)
Wands
 y - a wand of iceblast (13)
 A - a wand of flame (24)
Scrolls
 e - 3 scrolls of remove curse {unknown}
 l - a scroll of random uselessness {unknown}
 m - 3 scrolls of teleportation {unknown}
 u - 2 scrolls of immolation {unknown}
 v - a scroll of noise {unknown}
 x - 2 scrolls of identify {unknown}
 C - a scroll of amnesia {unknown}
 E - a scroll of enchant armour {unknown}
Potions
 d - 2 potions of flight {unknown}
 i - 3 potions of curing
 j - a potion of lignification {unknown}
 p - a potion of cancellation {unknown}
 w - a potion of haste {unknown}
 B - a potion of degeneration {unknown}
Books
 b - a book of Flames

   Spells                             Type                      Level
   a - Flame Tongue                   Conjuration/Fire             1
   b - Throw Flame                    Conjuration/Fire             2
   c - Conjure Flame                  Conjuration/Fire             3
   d - Inner Flame                    Hexes/Fire                   3
   e - Sticky Flame                   Conjuration/Fire             4
   f - Fireball                       Conjuration/Fire             5
 n - a book of Cantrips

   Spells                             Type                      Level
   a - Confusing Touch                Hexes                        1
   b - Animate Skeleton               Necromancy                   1
   c - Summon Small Mammal            Summoning                    1
   d - Apportation                    Translocation                1
Comestibles
 c - 5 rations
 F - a chunk of flesh


   Skills:
 - Level 1.7 Dodging
 - Level 1.7 Stealth
 + Level 4.4 Spellcasting
 + Level 4.4 Conjurations
 + Level 5.2 Fire Magic
 + Level 0.8 Evocations


You had 6 spell levels left.
You knew the following spells:

 Your Spells              Type           Power        Failure   Level  Hunger
a - Flame Tongue          Conj/Fire      ####.        1%          1    None
b - Conjure Flame         Conj/Fire      ####....     1%          3    ##.....
c - Sticky Flame          Conj/Fire      ####....     6%          4    ####...


Dungeon Overview and Level Annotations

Branches:
Dungeon (5/15)
 Temple: D:4-7


Innate Abilities, Weirdness & Mutations

You have an increased reservoir of magic. (+10% MP)


Message History

The gnoll hits you from afar with a spear.
The gnoll hits you from afar with a spear!
The gnoll hits you with a whip. The gnoll hits you but does no damage.
The gnoll hits you from afar with a spear.
* * * LOW HITPOINT WARNING * * *
Casting: Sticky Flame
Confirm with . or Enter, or press ? or * to list all spells.
Aiming: Sticky Flame
Press: ? - help, Shift-Dir - straight line, f - gnoll, p - gnoll
Aim: a gnoll, wielding a whip (moderately wounded)
The sticky flame hits the gnoll.
The gnoll is severely wounded.
The gnoll is covered in liquid flames!
You are feeling hungry.
The gnoll burns!
The gnoll hits you with a whip.
* * * LOW HITPOINT WARNING * * *
The gnoll hits you from afar with a spear.
* * * LOW HITPOINT WARNING * * *
The gnoll hits you from afar with a spear!
You die...

###### ######## #.....
.......## #.....
........# #.....
.....#..# #.....###
.....#..###...gg..## .#
##
.##.............gl.##.###
#####. .#......#
##..##@#...... ...#.
.......# #........##.####
###.#. ##.....#
#...###........# #.....
##...## #..
#........###.#.#. ##.##
#. #................ #..#
# .. #........###.....
###..##### ...
#................
.........#....
##.......#.......
.#...###.#..# #
#.......#..#####


You could see an iguana and 3 gnolls.

Vanquished Creatures
  2 sky beasts (D:5)
  2 ogres (D:4)
  A bullfrog (D:3)
  A scorpion (D:5)
  2 electric eels (D:5)
  A crimson imp (D:5)
  An orc priest (D:4)
  A hound (D:4)
  A worker ant (D:4)
  6 adders
  2 oozes (D:2)
  2 adder skeletons (D:5)
  4 worms
  2 dart slugs (D:1)
  3 leopard geckos
  7 orcs
  A ball python (D:3)
  4 giant cockroaches
  8 goblins
  5 hobgoblins
  4 jackals (D:5)
  A quokka (D:3)
  7 bats
  3 frilled lizards
  4 kobolds
  7 rats
82 creatures vanquished.

Vanquished Creatures (others)
  A plant (D:5)
1 creature vanquished.

Grand Total: 83 creatures vanquished

Notes
Turn   | Place    | Note
-------+----------+-------------------------------------------
     0 | D:1      | Feta the Demigod Fire Elementalist began the quest for the Orb.
     0 | D:1      | Reached XP level 1. HP: 14/14 MP: 5/5
     0 | D:1      | Noticed a ghoul
     1 | D:1      | Noticed a formicid
     3 | D:1      | Noticed an elf
     5 | D:1      | Noticed a felid
     6 | D:1      | Noticed a human
     7 | D:1      | Noticed an ogre
    10 | D:1      | Noticed a vampire
    12 | D:1      | Noticed a gargoyle
    12 | D:1      | Noticed a felid
    14 | D:1      | Noticed a centaur
    14 | D:1      | Noticed an elf
    16 | D:1      | Noticed a troll
    16 | D:1      | Noticed an elf
    18 | D:1      | Noticed a naga
    20 | D:1      | Noticed a vine stalker
    48 | D:1      | Reached skill level 1 in Conjurations
   489 | D:1      | Reached XP level 2. HP: 20/20 MP: 2/7
   798 | D:2      | Reached skill level 3 in Fire Magic
  1606 | D:2      | Reached XP level 3. HP: 24/26 MP: 6/9
  1824 | D:2      | Learned a level 3 spell: Conjure Flame
  1834 | D:2      | Found a sparkling altar of Nemelex Xobeh.
  2120 | D:3      | Found a hazy altar of Hepliaklqana.
  2695 | D:3      | Reached XP level 4. HP: 33/33 MP: 8/10
  2742 | D:3      | Noticed a bullfrog
  2756 | D:3      | Killed a bullfrog
  2762 | D:3      | HP: 1/33 [goblin (3)]
  2977 | D:3      | Reached XP level 5. HP: 19/38 MP: 10/12
  3787 | D:4      | Noticed an ogre
  3798 | D:4      | Killed an ogre
  3798 | D:4      | Reached skill level 4 in Fire Magic
  4030 | D:4      | Noticed an ogre
  4070 | D:5      | Entered Level 5 of the Dungeon
  4154 | D:5      | Found a transporter.
  4173 | D:5      | Reached XP level 6. HP: 29/45 MP: 14/14
  4530 | D:4      | Found a sacrificial altar of Ru.
  5007 | D:5      | Learned a level 4 spell: Sticky Flame
  5203 | D:5      | Found a shimmering altar of Xom.
  5297 | D:5      | Reached XP level 7. HP: 22/50 MP: 16/16
  5481 | D:5      | Found a transporter.
  5511 | D:5      | Reached skill level 5 in Fire Magic
  5803 | D:5      | Slain by a gnoll

Skill      XL: |  1  2  3  4  5  6  7 |
---------------+----------------------+-----
Conjurations   | 1 2 3 4 |  4.4
Spellcasting   | 2 3 4 |  4.4
Fire Magic     | 3 4 5 |  5.2
Dodging        | |  1.7
Stealth        | |  1.7
Evocations     | |  0.8

Action                   |  1- 3 |  4- 6 |  7- 9 || total
-------------------------+-------+-------+-------++-------
Melee: Unarmed           |     5 |       |       ||     5
       Spear             |    57 |       |       ||    57
       Club              |     3 |       |       ||     3
       Trident           |    10 |   152 |    19 ||   181
 Cast: Flame Tongue      |    52 |    41 |     5 ||    98
       Conjure Flame     |       |     6 |       ||     6
       Sticky Flame      |       |     1 |     2 ||     3
Evoke: Wand              |       |       |     5 ||     5
  Use: Potion            |       |     3 |       ||     3
 Stab: Sleeping          |       |     1 |     1 ||     2
  Eat: Chunk             |     6 |     5 |     2 ||    13
       Ration            |       |     1 |       ||     1
Armor: Robe              |    24 |    20 |     3 ||    47
Dodge: Dodged            |    53 |    90 |    12 ||   155
